 Dungeon Crawl Stone Soup version 0.24.0-123-gd5b16e6ec5 (webtiles) character file.

Game seed: 16664765553881099881, levelgen mode: deterministic

18985 vurker the Impaler (level 12, -6/115 HPs)
             Began as a Minotaur Fighter on Dec 19, 2019.
             Was an Initiate of Gozag.
             Mangled by a two-headed ogre
             ... wielding a +0 giant club of flaming
              (13 damage)
             ... in a volcano.
             The game lasted 00:23:59 (9883 turns).

vurker the Impaler (Minotaur Fighter)               Turns: 9883, Time: 00:24:00

Health: -6/115     AC: 15    Str: 26    XL:     12   Next: 32%
Magic:  11/11      EV:  9    Int:  5    God:    Gozag
Gold:   1948       SH:  0    Dex: 10    Spells: 11/11 levels left

rFire    . . .     SeeInvis .   w - +2 halberd (flame)
rCold    . . .     Gourm    .   (shield currently unavailable)
rNeg     . . .     Faith    .   H - +0 plate armour
rPois    +         Spirit   .   (helmet restricted)
rElec    .         Reflect  .   (no cloak)
rCorr    .         Harm     .   q - +2 pair of gloves
MR       .....                  (no boots)
Stlth    ..........             (no amulet)
HPRegen  0.29/turn              B - ring of poison resistance
MPRegen  0.12/turn              j - +5 ring of slaying

@: gold aura
A: retaliatory headbutt, horns 2
a: Potion Petition, Call Merchant, Bribe Branch, Renounce Religion


You were in a volcano.
You worshipped Gozag.
Gozag was most pleased with you.
You were not hungry.

You visited 3 branches of the dungeon, and saw 13 of its levels.
You also visited: Volcano.

You collected 2356 gold pieces.
You spent 293 gold pieces at shops.
You paid 115 gold pieces to Gozag.

Inventory:

Hand Weapons
 a - a +3 halberd of chopping
   (You took it off a gnoll on level 5 of the Dungeon)
 b - the +5 flail of Zumu Adu {freeze, *Rage rPois rF+}
   (You found it on level 8 of the Dungeon)

   It has been specially enchanted to freeze those struck by it, causing extra
   injury to most foes and up to half again as much damage against particularly
   susceptible opponents.
   It can also slow down cold-blooded creatures.
   It protects you from fire.
   It protects you from poison.
   It may make you go berserk in combat.
 w - a +2 halberd of flaming (weapon)
   (You took it off a red draconian in a volcano)
Missiles
 A - 4 throwing nets (quivered)
Armour
 h - a cursed +0 cloak
   (You took it off a red draconian in a volcano)
 q - a +2 pair of gloves (worn)
   (You found it on level 2 of the Dungeon)
 C - the +4 skin of Zhor {Hibernate rC+++ SInv}
   (You found it on level 5 of the Dungeon)

   It renders you almost immune to cold.
   It lets you see invisible.
 H - a +0 plate armour (worn)
   (You found it on level 9 of the Dungeon)
Jewellery
 d - an uncursed ring of see invisible
   (You found it on level 11 of the Dungeon)
 j - a +5 ring of slaying (right hand)
   (You found it on level 1 of the Dungeon)
 z - an uncursed ring of flight
   (You found it on level 4 of the Dungeon)
 B - a ring of poison resistance (left hand)
   (You found it on level 11 of the Dungeon)
 E - an uncursed ring of fire
   (You found it on level 5 of the Dungeon)
 L - an uncursed amulet of the acrobat
   (You found it on level 1 of the Lair of Beasts)
Wands
 c - a wand of disintegration (9)
   (You found it on level 5 of the Dungeon)
 s - a wand of scattershot (1)
   (You found it on level 3 of the Dungeon)
 t - a wand of flame (20)
   (You found it on level 4 of the Dungeon)
 v - a wand of digging (7)
   (You found it on level 4 of the Dungeon)
Scrolls
 i - 4 scrolls of enchant weapon
 k - 2 scrolls of fear
 n - a scroll of magic mapping
 y - 5 scrolls of remove curse
 D - 4 scrolls of teleportation
 J - 3 scrolls of fog
Potions
 f - 4 potions of curing
 g - 3 potions of resistance
 l - 3 potions of invisibility
 m - 5 potions of berserk rage
 o - a potion of ambrosia
 p - 7 potions of flight
 r - a potion of might
 u - 2 potions of heal wounds
 x - a potion of cancellation
 F - a potion of mutation {unknown}
 G - a potion of agility
 I - 2 potions of haste
Comestibles
 e - 14 rations


   Skills:
 + Level 13.2 Fighting
 - Level 9.1 Maces & Flails
 * Level 15.4 Polearms
 - Level 5.0 Armour
 - Level 5.3 Dodging
   Level 7.1 Shields


You had 11 spell levels left.
You didn't know any spells.
Your spell library contained the following spells:

 Spells                   Type           Power        Failure   Level  Hunger
 Beastly Appendage        Tmut           #.....       100%        1    ##.....
 Corona                   Hex            #......      100%        1    ##.....
 Ensorcelled Hibernation  Hex/Ice        #.....       100%        2    ###....
 Sticks to Snakes         Tmut           #.......     100%        2    ###....
 Confuse                  Hex            #.......     100%        3    ####...
 Dazzling Spray           Conj/Hex       #.....       100%        3    ####...
 Spider Form              Tmut/Pois      #.........   100%        3    ####...
 Tukima's Dance           Hex            #.......     100%        3    ####...
 Cause Fear               Hex            #.........   100%        4    #####..
 Ice Form                 Ice/Tmut       #.......     100%        4    #####..
 Blade Hands              Tmut           #.........   100%        5    ######.
 Silence                  Hex/Air        #.........   100%        5    ######.
 Yara's Violent Unravell  Hex/Tmut       #.........   100%        5    ######.
 Deflect Missiles         Chrm/Air       #.........   100%        6    #######
 Discord                  Hex            #.........   100%        8    #######


Dungeon Overview and Level Annotations

Branches:
Dungeon (11/15)            Temple (1/1) D:7            Lair (1/6) D:11
    Orc (0/2) D:10        Volcano (1/1)

Altars:
Ashenzari
Cheibriados
Elyvilon
Fedhas
Gozag
Hepliaklqana
Kikubaaqudgha
Makhleb
Nemelex Xobeh
Okawaru
Qazlal
Ru
Sif Muna
Trog
Uskayaw
Vehumet
Wu Jian
Xom
Yredelemnul
Zin
The Shining One
Beogh

Shops:
D:4 =!   D:9 *


Innate Abilities, Weirdness & Mutations

You reflexively headbutt those who attack you in melee.
You have a pair of horns on your head.


Message History

In the distance, the volcano erupts with a roar.
The air gets thick with the scent of sulphur.
In the distance, the volcano erupts with a roar.
The air gets thick with the scent of sulphur.
In the distance, the volcano erupts with a roar.
Items here: )))) a +1 great mace of flaming; a +0 giant club of flaming a +1 great mace of flaming; a +0 giant club of flaming You open the door.
Found 15 gold pieces, a potion of berserk rage and a potion of might.
A two-headed ogre comes into view.
It is wielding two +0 giant clubs of flaming.
The two-headed ogre shouts in stereo!
A two-headed ogre comes into view.
It is wielding a +0 giant club of flaming and a +0 great mace of flaming.
Found 2 potions of berserk rage, 17 gold pieces and a potion of might.
There is an open door here.
There are monsters nearby!
The air gets thick with the scent of sulphur.
The two-headed ogre shouts in stereo!
A two-headed ogre opens the large door.
There is a large open door here.
Attack whom?
Aim: a two-headed ogre, wielding two +0 giant clubs of flaming You reach to attack!
The two-headed ogre shouts in stereo!
You impale the two-headed ogre!! You burn the two-headed ogre.
In the distance, the volcano erupts with a roar.
You slash the two-headed ogre! You burn the two-headed ogre.
You headbutt the two-headed ogre!
You kill the two-headed ogre!
The two-headed ogre hits you with a +0 giant club of flaming!!
The two-headed ogre burns you!
The two-headed ogre hits you with a +0 giant club of flaming!!
The two-headed ogre burns you.
You hit the two-headed ogre. You burn the two-headed ogre.
Your plate armour prevents you from hitting the two-headed ogre.
The two-headed ogre hits you with a +0 giant club of flaming!
* * * LOW HITPOINT WARNING * * *
The two-headed ogre burns you.
* * * LOW HITPOINT WARNING * * *
The two-headed ogre hits you with a +0 giant club of flaming.
* * * LOW HITPOINT WARNING * * *
The two-headed ogre burns you.
* * * LOW HITPOINT WARNING * * *
You slice the two-headed ogre!! You burn the two-headed ogre.
You slash the two-headed ogre! You burn the two-headed ogre.
The two-headed ogre hits you with a +0 giant club of flaming!!
* * * LOW HITPOINT WARNING * * *
The two-headed ogre burns you!
You die...
Your body crumbles into a pile of gold.

#≈≈°≈§ ## ≈°≈§§≈
§≈## °≈≈≈°
§≈≈####
#######≈°≈≈°##
#$!!!$###≈§°≈#
.#.$.!.#.##≈≈°≈#
.'.!.!$'..#≈≈≈≈##
.'.._.O@..##≈§§≈#
.#.....#...#≈§§≈≈
#######...#≈°≈§≈
+°$.)!'...#°≈°§§
#°.°$°#...#≈°≈≈#
#8°°≈8#)..#≈≈°##
.'.°≈°°+..##°≈≈≈#
.'.°.°°+..# ≈°§§#
≈
#8...8#.##≈°§§##


You could see a two-headed ogre.

Vanquished Creatures
  A red draconian (Volcano)
  Harold (Lair:1)
  5 two-headed ogres
  An ogre mage (Volcano)
  2 slime creatures (D:11)
  Pikel (D:5)
  2 ugly things (D:11)
  Joseph (Lair:1)
  A spiny frog (Lair:1)
  2 trolls
  3 blink frogs (Lair:1)
  2 hippogriffs
  Sigmund (D:2)
  8 fire bats
  A human (D:9)
  8 yaks
  4 hogs (D:9)
  Grum (D:10)
  2 hungry ghosts
  4 water moccasins
  A hell hound (D:11)
  2 porcupines (Lair:1)
  A black bear (D:8)
  An ice beast (D:9)
  A sky beast (D:10)
  5 orc warriors
  2 slaves (D:5)
  2 wolves (D:10)
  3 centaurs
  5 ogres
  2 crocodiles
  9 bullfrogs
  A gnoll sergeant (D:4)
  A water moccasin skeleton (D:10)
  3 scorpions
  9 killer bees
  3 howler monkeys (D:8)
  13 wights
  2 lava snakes (D:11)
  5 crimson imps
  2 centaur zombies (D:10)
  4 hounds
  4 orc priests
  3 bullfrog zombies
  A gnoll shaman (D:5)
  A bullfrog skeleton (D:10)
  6 orc wizards
  Terence (D:2)
  2 iguanas
  9 worker ants
  A killer bee zombie (D:5)
  2 hound zombies
  A hound skeleton (D:9)
  A worker ant zombie (D:5)
  14 gnolls
  A howler monkey zombie (D:4)
  10 adders
  4 shadow imps
  An ooze (D:3)
  2 adder zombies
  2 adder skeletons
  2 worms
  2 dart slugs
  5 leopard geckos
  51 orcs
  16 bats
  6 giant cockroaches
  10 goblins
  6 hobgoblins
  5 jackals
  6 quokkas
  4 ball pythons
  A ball python skeleton (D:4)
  4 frilled lizards
  A jackal skeleton (D:8)
  6 kobolds
  6 rats
  3 fire vortices (D:11)
328 creatures vanquished.

Notes
Turn   | Place    | Note
-------+----------+-------------------------------------------
     0 | D:1      | vurker the Minotaur Fighter began the quest for the Orb.
     0 | D:1      | Reached XP level 1. HP: 19/19 MP: 0/0
    85 | D:1      | Reached XP level 2. HP: 27/27 MP: 1/1
   572 | D:2      | Reached XP level 3. HP: 31/33 MP: 2/2
   582 | D:2      | Reached skill level 1 in Dodging
   777 | D:2      | Found an ornate altar of the Wu Jian Council.
   796 | D:2      | Reached XP level 4. HP: 40/40 MP: 3/3
   942 | D:2      | Noticed Terence
   945 | D:2      | Noticed Sigmund
   949 | D:2      | Killed Terence
   961 | D:2      | Killed Sigmund
   961 | D:2      | Reached XP level 5. HP: 4/47 MP: 4/4
   961 | D:2      | Reached XP level 6. HP: 4/53 MP: 5/5
  1715 | D:2      | Found a shimmering altar of Xom.
  2007 | D:3      | Reached skill level 5 in Maces & Flails
  2419 | D:3      | Found a shimmering blue altar of Sif Muna.
  2656 | D:4      | Found Jad Ojiu's Distillery.
  2659 | D:4      | Bought a potion of heal wounds for 65 gold pieces
  2771 | D:4      | Found Nodomyog's Jewellery Shop.
  2787 | D:4      | Reached skill level 5 in Fighting
  2787 | D:4      | Reached skill level 5 in Armour
  2787 | D:4      | Reached skill level 5 in Shields
  3215 | D:4      | Reached XP level 7. HP: 45/61 MP: 6/6
  3855 | D:5      | Entered Level 5 of the Dungeon
  3859 | D:5      | You fall into a shaft and drop 3 floors!
  3919 | D:7      | Found a white marble altar of Elyvilon.
  3982 | D:7      | Found a staircase to the Ecumenical Temple.
  4000 | Temple   | Entered the Ecumenical Temple
  4020 | Temple   | Became a worshipper of Gozag Ym Sagoz the Greedy
  4057 | D:7      | Found a hazy altar of Hepliaklqana.
  4109 | D:7      | Reached XP level 8. HP: 69/70 MP: 7/7
  4586 | D:5      | Found the +4 skin of Zhor {Hibernate rC+++ SInv}
  4734 | D:5      | Noticed Pikel
  5080 | D:5      | Found a bloodstained altar of Trog.
  5128 | D:5      | Found an iron altar of Okawaru.
  5145 | D:5      | Killed Pikel
  5145 | D:5      | Reached skill level 5 in Dodging
  5145 | D:5      | Reached XP level 9. HP: 65/79 MP: 8/8
  5282 | D:6      | Reached skill level 1 in Polearms
  5304 | D:6      | Reached skill level 2 in Polearms
  5336 | D:6      | Found a white marble altar of Elyvilon.
  5577 | D:7      | Found a hide-covered altar of Uskayaw.
  5580 | D:7      | Reached skill level 3 in Polearms
  6022 | D:8      | Reached skill level 4 in Polearms
  6075 | D:8      | Reached skill level 5 in Polearms
  6102 | D:8      | Found a sparkling altar of Nemelex Xobeh.
  6192 | D:8      | Reached skill level 6 in Polearms
  6210 | D:8      | Noticed a two-headed ogre
  6217 | D:8      | Killed a two-headed ogre
  6217 | D:8      | Reached skill level 7 in Polearms
  6224 | D:8      | Reached XP level 10. HP: 62/91 MP: 9/9
  6266 | D:8      | Reached skill level 8 in Polearms
  6469 | D:8      | Got a crude flail
  6512 | D:8      | Identified the +5 flail of Zumu Adu {freeze, *Rage rPois
                  | rF+} (You found it on level 8 of the Dungeon)
  6601 | D:9      | Reached skill level 9 in Polearms
  6618 | D:9      | Found a roughly hewn altar of Beogh.
  7071 | D:9      | Found Lameerch's Island Escapes.
  7130 | D:9      | Reached skill level 10 in Fighting
  7134 | D:9      | Reached skill level 10 in Polearms
  7472 | D:9      | Found an ancient bone altar of Kikubaaqudgha.
  7624 | D:9      | Bought a potion of haste for 120 gold pieces
  7624 | D:9      | Bought a scroll of teleportation for 36 gold pieces
  7624 | D:9      | Bought a scroll of fog for 24 gold pieces
  7624 | D:9      | Bought a scroll of fog for 24 gold pieces
  7624 | D:9      | Bought a scroll of fog for 24 gold pieces
  7670 | D:10     | Entered Level 10 of the Dungeon
  7701 | D:10     | Reached skill level 11 in Polearms
  7725 | D:10     | Noticed Grum
  7741 | D:10     | Killed Grum
  7950 | D:10     | Found a staircase to the Orcish Mines.
  8007 | D:10     | Reached XP level 11. HP: 97/102 MP: 10/10
  8303 | D:11     | Reached skill level 12 in Polearms
  8353 | D:11     | Noticed a red ugly thing
  8357 | D:11     | Killed a red ugly thing
  8393 | D:11     | Noticed a red ugly thing
  8399 | D:11     | Killed a red ugly thing
  8523 | D:11     | Reached skill level 13 in Polearms
  8694 | D:11     | Found a staircase to the Lair.
  9105 | Lair:1   | Entered Level 1 of the Lair of Beasts
  9127 | Lair:1   | Noticed Joseph
  9140 | Lair:1   | Killed Joseph
  9201 | Lair:1   | Noticed Harold
  9214 | Lair:1   | Killed Harold
  9214 | Lair:1   | Reached skill level 14 in Polearms
  9365 | Lair:1   | Found a dark tunnel.
  9376 | Volcano  | Entered a volcano
  9392 | Volcano  | Noticed an ogre mage
  9405 | Volcano  | Found a radiant altar of Vehumet.
  9409 | Volcano  | Noticed a red draconian
  9414 | Volcano  | Killed an ogre mage
  9414 | Volcano  | Reached XP level 12. HP: 110/113 MP: 11/11
  9461 | Volcano  | Noticed a two-headed ogre
  9465 | Volcano  | Killed a two-headed ogre
  9466 | Volcano  | Noticed a two-headed ogre
  9466 | Volcano  | Noticed a two-headed ogre
  9469 | Volcano  | Killed a two-headed ogre
  9476 | Volcano  | Killed a two-headed ogre
  9476 | Volcano  | Reached skill level 15 in Polearms
  9569 | Volcano  | Killed a red draconian
  9872 | Volcano  | Noticed a two-headed ogre
  9872 | Volcano  | Noticed a two-headed ogre
  9878 | Volcano  | Noticed a two-headed ogre
  9879 | Volcano  | Killed a two-headed ogre
  9883 | Volcano  | Mangled by a two-headed ogre

Levels and vault maps discovered:
D:1:      psy_arrival_fountain, layout_basic, st_stairs_13
D:2:      layout_basic, lemuel_crystal_altar, lemuel_round_altar, st_stairs_14,
          minmay_tripent, uniq_terence, uniq_sigmund
D:3:      minmay_evil_eye, layout_basic, led_sif_pool, first_ration
D:4:      layout_basic, serial_shops, nicolae_shop_waterfront,
          kennysheep_mini_moat, minmay_stone_trees_medium, chequers_big_river,
          hangedman_decor_push, lightli_minifort
D:5:      layout_gridville, kennysheep_mini, lemuel_crystal_altar, uniq_pikel
D:6:      layout_rooms, serial_rivers, chequers_serial_rivers_micro_d,
          chequers_serial_rivers_large_a, chequers_serial_rivers_micro_c,
          chequers_serial_rivers_small_b, chequers_serial_rivers_small_3,
          chequers_serial_rivers_marsh, elyvilon_altar_5
D:7:      kennysheep_six_static_rooms, layout_loops_ring, lemuel_crystal_altar,
          lemuel_round_altar, eat_drink_and_be_merry_uskayaw,
          minmay_temple_entry_overgrown, chequers_serial_rivers_small_a
D:8:      minmay_slanted_spiral_squares, layout_basic, lemuel_crystal_altar,
          st_stairs_14
D:9:      layout_roguey [special_room_orc], nicolae_overflow_crystal_walls,
          grunt_livestock, nicolae_island_escapes
D:10:     layout_rooms, orc_0_dummy, uniq_grum
D:11:     layout_roguey, lair_entry_dummy, minmay_misc_feat_cross,
          hangedman_incinerator
Temple:   minmay_temple_bridge_abc
Lair:1:   layout_gridlike, nicolae_volcano_entry_hallway,
          chequers_serial_rivers_room_a, nicolae_quartered_pool_super,
          uniq_joseph, uniq_harold
Volcano:  kennysheep_volcano_temple

Skill      XL: |  1  2  3  4  5  6  7  8  9 10 11 12 |
---------------+-------------------------------------+-----
Maces & Flails | 3 4 5 7 9 |  9.1
Fighting       | 4 5 7 9 11 12 13 | 13.2
Dodging        | 1 2 3 4 5 |  5.3
Armour         | 4 5 |  5.0
Shields        | 4 5 7 |  7.1
Polearms       | 7 11 14 15 | 15.4

Action                   |  1- 3 |  4- 6 |  7- 9 | 10-12 || total
-------------------------+-------+-------+-------+-------++-------
Melee: Flail             |    70 |    88 |   119 |       ||   277
       Headbutt          |    10 |    13 |    39 |    59 ||   121
       Halberd           |       |       |    74 |   376 ||   450
       Whip              |       |       |     2 |       ||     2
 Abil: Evoke Flight      |       |       |       |     1 ||     1
Evoke: Wand              |       |       |     6 |     7 ||    13
  Use: Potion            |       |     1 |       |     5 ||     6
       Scroll            |       |     5 |     6 |    10 ||    21
 Stab: Distracted        |       |       |     1 |       ||     1
  Eat: Chunk             |       |     7 |     1 |       ||     8
       Ration            |       |       |     4 |     4 ||     8
Armor: Scale mail        |    16 |       |       |       ||    16
       Chain mail        |     6 |    43 |   100 |    22 ||   171
       Plate armour      |       |       |       |    98 ||    98
Dodge: Dodged            |    14 |    15 |    87 |   123 ||   239
Block: Shield            |    35 |    38 |    60 |       ||   133
